 Dungeon Crawl Stone Soup version 0.28.0-43-g3370ac3207 (webtiles) character file.

Game seed: 18167076850882467885

12859 pkoi the Summoner (level 11, -3/63 HPs)
             Began as a Deep Elf Summoner on Mar 21, 2022.
             Was a Believer of Sif Muna.
             Slain by a komodo dragon (25 damage)
             ... on level 3 of the Lair of Beasts.
             The game lasted 00:31:11 (17181 turns).

pkoi the Summoner (Deep Elf Summoner)              Turns: 17181, Time: 00:31:12

Health: -3/63      AC:  9    Str: 11    XL:     11   Next: 68%
Magic:  0/25       EV: 16    Int: 25    God:    Sif Muna [**....]
Gold:   522        SH:  0    Dex: 15    Spells: 14/27 levels left

rFire   . . .      SeeInvis .   i - +0 shortbow (freeze)
rCold   + . .      Faith    .   (shield currently unavailable)
rNeg    . . .      Spirit   +   t - +2 robe {rC+}
rPois   .          Reflect  .   f - +2 hat
rElec   .          Harm     .   n - +0 cloak
rCorr   .          Rampage  .   q - +0 pair of gloves
Will    +....                   x - +0 pair of boots
Stlth   ++........              h - amulet of guardian spirit
HPRegen 0.20/turn               a - +6 ring of strength
MPRegen 0.19/turn               (no ring)

@: no status effects
A: no striking features
a: Renounce Religion, Channel Magic


You were on level 3 of the Lair of Beasts.
You worshipped Sif Muna.
Sif Muna was pleased with you.
You visited 3 branches of the dungeon, and saw 13 of its levels.

You collected 522 gold pieces.

Inventory:

Hand Weapons
 b - a +1 dagger
 i - a +0 shortbow of freezing (weapon)
 r - a +3 whip of flaming
Missiles
 j - 110 arrows (quivered ammo)
Armour
 f - a +2 hat (worn)
 n - a +0 cloak (worn)
 q - a +0 pair of gloves (worn)
 t - a +2 robe of cold resistance (worn)
 x - a +0 pair of boots (worn)
Jewellery
 a - a +6 ring of strength (left hand)
 h - an amulet of guardian spirit (around neck)
 o - a ring of ice
Wands
 p - a wand of mindburst (8)
Scrolls
 c - a scroll of magic mapping
 e - 2 scrolls of fear
 g - 3 scrolls of enchant weapon
 m - 2 scrolls of amnesia
 u - 2 scrolls of teleportation
 v - a scroll of identify
 y - 2 scrolls of immolation
Potions
 d - 2 potions of lignification
 k - a potion of curing {unknown}
 l - a potion of might
 s - a potion of brilliance
 z - a potion of heal wounds


   Skills:
 - Level 5.0 Fighting
 + Level 9.2 Bows
 - Level 8.0 Dodging
 - Level 2.4 Stealth
 + Level 8.7 Spellcasting
 + Level 10.1 Hexes
 + Level 11.7 Summonings
 + Level 5.7 Air Magic


You had 14 spell levels left.
You knew the following spells:

 Your Spells              Type           Power      Damage    Failure   Level
a - Summon Small Mammal   Summ           100%       N/A       1%          1
b - Call Imp              Summ           62%        N/A       1%          2
c - Call Canine Familiar  Summ           62%        N/A       1%          3
d - Summon Guardian Gole  Hex/Summ       60%        N/A       1%          3
e - Summon Lightning Spi  Summ/Air       53%        N/A       1%          4

Your spell library contained the following spells:

 Spells                   Type           Power      Damage    Failure   Level
 Ensorcelled Hibernation  Hex/Ice        72%        N/A       1%          2
 Animate Skeleton         Necr           20%        N/A       5%          1
 Magic Dart               Conj           40%        1d5       5%          1
 Pain                     Necr           40%        1d6       5%          1
 Anguish                  Hex/Necr       18%        N/A       7%          4
 Mephitic Cloud           Conj/Pois/Air  20%        N/A       8%          3
 Conjure Flame            Conj/Fire      10%        6-21      17%         3
 Ignite Poison            Fire/Tmut/Pois 10%        N/A       17%         3
 Spider Form              Tmut/Pois      10%        N/A       17%         3
 Vampiric Draining        Necr           10%        2d6       17%         3
 Sticky Flame             Conj/Fire      10%        2d3       50%         4
 Freezing Cloud           Conj/Ice/Air   10%        6-21      56%         5
 Simulacrum               Ice/Necr       5%         N/A       100%        6
 Polar Vortex             Ice            5%         N/A       100%        9


Dungeon Overview and Level Annotations

Branches:
Dungeon (9/15)             Temple (1/1) D:6            Lair (3/6) D:8
  Swamp: Lair:2-4    Shoals: Lair:2-4     Snake: Lair:2-4    Spider: Lair:2-4
    Orc: D:9-12

Altars:
Ashenzari
Cheibriados
Dithmenos
Elyvilon
Fedhas
Gozag
Hepliaklqana
Kikubaaqudgha
Makhleb
Nemelex Xobeh
Okawaru
Ru
Sif Muna
Trog
Uskayaw
Vehumet
Wu Jian
Xom
Yredelemnul
Zin
The Shining One

Shops:
D:7 [*

Annotations:
D:7 2 transporters, 2bobheroes's ghost, novice GnWn


Message History

The yak gores you but does no damage.
You see here a blink frog corpse.
Your lightning spire disappears in a puff of smoke!
Your wolf bites the yak.
The yak gores you.
* * * LOW HITPOINT WARNING * * *
Your wolf bites the komodo dragon!
Your wolf bites the komodo dragon.
The komodo dragon closely misses your wolf.
The yak gores your wolf!
Your wolf dies!
Your wolf's corpse disappears in a puff of smoke!
The komodo dragon hisses angrily.
The yak barely misses your white imp.
Casting: Summon Guardian Golem (safe; 1% risk of failure)
Confirm with . or Enter, or press ? or * to list all spells.
An electric hum fills the air.
Your white imp completely misses the komodo dragon.
Unknown command.
Your white imp hits the yak but does no damage.
Your lightning spire shoots out a bolt of lightning at the yak!
The bolt of electricity hits the yak!
There is an open door, spattered with blood here.
Fire: 112 arrows
Press: ? - help, Q - select action, (/) - cycle Shift-Dir - straight line, f - komodo dragon
Aim: a komodo dragon (severely wounded, ally target, 72% to hit)
You shoot an arrow.
The arrow closely misses the komodo dragon.
The komodo dragon bites you!
* * * LOW HITPOINT WARNING * * *
Fire: 111 arrows
Press: ? - help, Q - select action, (/) - cycle Shift-Dir - straight line, f/p - komodo dragon
Aim: a komodo dragon (severely wounded, ally target, 72% to hit)
You shoot an arrow.
The arrow barely misses the komodo dragon.
Your lightning spire shoots out a bolt of lightning at the yak!
The bolt of electricity hits the yak!
The yak dies!
Sif Muna accepts your kill.
Your guardian golem is engulfed in blazing flames.
The komodo dragon bites you!!
You die...

##P.####
###.....## ##.
#8.<.8.# #.
#.....## ##...###
##### ###..#.#
....###..†..#
..##...#.9.†.#.#
......P#l5§..#.Y.
...8...@(8☼8.#
+...
.........#§..#
....
.#..##†..#...#
###
#....=###.....# #
###. #.....# ##
##...## .....
.8.>.8# ......#


You could see a komodo dragon (ally target), a friendly guardian golem
(summoned), a friendly lightning spire (summoned, sheltered) and a friendly
white imp (summoned, sheltered).

Vanquished Creatures
  A hydra (Lair:2)
  A yak (Lair:3)
  A water moccasin (Lair:2)
  2 wolves (Lair:1)
  A bullfrog (Lair:3)
  2 jellies (D:6)
  A wyvern zombie (D:8)
  A howler monkey (D:7)
  An orc priest (D:6)
  A worm (D:2)
  A dart slug (D:1)
  2 orcs
  2 bats
  An endoplasm (D:4)
  2 quokkas
  A frilled lizard (D:1)
  A kobold (D:2)
  2 rats
24 creatures vanquished.

Vanquished Creatures (collateral kills)
  Gastronok (Lair:2)
  5 cane toads
  A rime drake (Lair:1)
  A komodo dragon (Lair:1)
  4 blink frogs
  Grinder (D:3)
  2 humans (D:7)
  5 yaks (Lair:3)
  5 water moccasins
  An orc warrior (D:6)
  An ice beast (D:7)
  6 wolves (Lair:1)
  5 centaurs
  8 bullfrogs
  6 scorpions
  A water moccasin zombie (D:3)
  2 jellies (D:6)
  An electric eel (Lair:1)
  3 howler monkeys (D:7)
  A centaur zombie (D:5)
  A hound (D:6)
  An orc priest (D:6)
  A bullfrog skeleton (D:5)
  Ijyb (D:5)
  Terence (D:2)
  5 orc wizards (D:6)
  A killer bee zombie (D:8)
  A howler monkey skeleton (D:7)
  7 adders
  3 gnolls (D:2)
  A shadow imp (D:5)
  A white imp (D:8)
  An adder zombie (D:4)
  An adder skeleton (D:4)
  3 worms
  2 dart slugs (D:4)
  19 orcs
  7 ball pythons
  2 bats
  10 endoplasms
  5 giant cockroaches
  8 goblins
  4 hobgoblins
  2 jackals (D:3)
  7 kobolds
  3 quokkas (D:1)
  2 frilled lizards (D:1)
  2 rats
162 creatures vanquished.

Vanquished Creatures (others)
  Fannar (Lair:2)
  2 cane toads (Lair:1)
  2 komodo dragons
  A hornet (D:8)
  5 yaks
  2 humans (D:7)
  3 water moccasins
  2 wolves (Lair:1)
  A wyvern skeleton (D:6)
  4 wights (D:8)
  A scorpion zombie (D:5)
  2 goblin zombies (D:9)
  2 hobgoblin zombies (D:9)
  40 fungi
  72 plants
140 creatures vanquished.

Grand Total: 326 creatures vanquished

Notes
Turn   | Place    | Note
-------+----------+-------------------------------------------
     0 | D:1      | pkoi the Deep Elf Summoner began the quest for the Orb.
     0 | D:1      | Reached XP level 1. HP: 10/10 MP: 6/6
   706 | D:1      | Reached XP level 2. HP: 15/15 MP: 6/8
   757 | D:1      | Learned a level 2 spell: Call Imp
  1395 | D:1      | Reached skill level 5 in Summonings
  1724 | D:1      | Reached XP level 3. HP: 19/19 MP: 7/10
  2016 | D:2      | Learned a level 3 spell: Call Canine Familiar
  2020 | D:2      | Learned a level 3 spell: Summon Guardian Golem
  2063 | D:2      | Noticed Terence
  2082 | D:2      | Killed Terence
  2083 | D:2      | Reached skill level 1 in Hexes
  2083 | D:2      | Reached XP level 4. HP: 13/24 MP: 6/12
  3072 | D:2      | Reached skill level 6 in Summonings
  3649 | D:3      | Found a shadowy altar of Dithmenos.
  3657 | D:3      | Found a faded altar of an unknown god.
  3742 | D:3      | Reached XP level 5. HP: 28/28 MP: 13/13
  3754 | D:3      | Found a glowing golden altar of the Shining One.
  3794 | D:3      | Noticed Grinder
  3821 | D:3      | Killed Grinder
  3822 | D:3      | Reached skill level 1 in Fighting
  3822 | D:3      | Reached XP level 6. HP: 34/34 MP: 9/14
  4182 | D:3      | Reached skill level 7 in Summonings
  5266 | D:4      | Reached XP level 7. HP: 38/39 MP: 7/15
  5433 | D:5      | Entered Level 5 of the Dungeon
  5696 | D:5      | Reached skill level 1 in Bows
  5858 | D:5      | Reached skill level 8 in Summonings
  6246 | D:5      | Found a blossoming altar of Fedhas.
  6353 | D:5      | Noticed Ijyb
  6368 | D:5      | Killed Ijyb
  6369 | D:5      | Reached XP level 8. HP: 45/45 MP: 3/16
  6867 | D:6      | Found a staircase to the Ecumenical Temple.
  6932 | Temple   | Entered the Ecumenical Temple
  6999 | Temple   | Became a worshipper of Sif Muna the Loreminder
  7125 | D:6      | Reached skill level 5 in Hexes
  7149 | D:6      | Reached skill level 5 in Dodging
  7825 | D:6      | Reached skill level 9 in Summonings
  8489 | D:7      | Found Yrucon's Armour Shoppe.
  8522 | D:7      | Reached * piety under Sif Muna
  8524 | D:7      | Reached XP level 9. HP: 51/51 MP: 12/17
  8782 | D:7      | Found Akoboegg's Mayhem Merchandise.
  8921 | D:7      | Noticed 2bobheroes's ghost (novice GnWn)
  8931 | D:7      | Found a transporter.
  8935 | D:7      | Noticed a komodo dragon
  8938 | D:7      | Noticed a moth of wrath
  9009 | D:7      | Found a transporter.
  9050 | D:7      | Found a blossoming altar of Fedhas.
  9052 | D:7      | Found a bloodstained altar of Trog.
  9052 | D:7      | Found a shimmering altar of Xom.
  9059 | D:7      | Learned a level 4 spell: Summon Lightning Spire
  9059 | D:7      | Found an iron altar of Okawaru.
  9059 | D:7      | Found a shimmering altar of Xom.
  9059 | D:7      | Found a shimmering blue altar of Sif Muna.
  9216 | D:7      | Found a hazy altar of Hepliaklqana.
  9252 | D:7      | Reached skill level 5 in Bows
 10001 | D:8      | Reached skill level 10 in Summonings
 10001 | D:8      | Reached skill level 1 in Air Magic
 10366 | D:8      | Reached skill level 5 in Spellcasting
 10611 | D:8      | Reached XP level 10. HP: 38/58 MP: 7/19
 10928 | D:8      | Found a staircase to the Lair.
 11455 | Lair:1   | Entered Level 1 of the Lair of Beasts
 11455 | Lair:1   | Noticed a cane toad
 11469 | Lair:1   | Killed a cane toad
 11747 | Lair:1   | Noticed a cane toad
 11765 | Lair:1   | Killed a cane toad
 12495 | Lair:1   | Noticed a cane toad
 12505 | Lair:1   | Killed a cane toad
 12546 | Lair:1   | Noticed a cane toad
 12561 | Lair:1   | Killed a cane toad
 12561 | Lair:1   | Reached ** piety under Sif Muna
 12562 | Lair:1   | Reached skill level 5 in Fighting
 13875 | Lair:1   | Noticed a cane toad
 13898 | Lair:1   | Killed a cane toad
 13899 | Lair:1   | Reached skill level 11 in Summonings
 13899 | Lair:1   | Reached XP level 11. HP: 25/63 MP: 5/23
 14604 | Lair:2   | Noticed a four-headed hydra
 14615 | Lair:2   | Killed a four-headed hydra
 14913 | Lair:2   | Noticed Fannar
 14932 | Lair:2   | Killed Fannar
 15695 | Lair:2   | Reached skill level 5 in Air Magic
 16003 | Lair:2   | Noticed Gastronok
 16027 | Lair:2   | Killed Gastronok
 17079 | Lair:3   | Reached skill level 10 in Hexes
 17181 | Lair:3   | Slain by a komodo dragon

Illustrated notes

Levels and vault maps discovered:
D:1:      lemuel_arrival_funnel, layout_loops_ring
D:2:      layout_basic, kennysheep_generic_room_4, uniq_terence
D:3:      layout_loops_ring, mainiacjoe_overflow_concentric_impassable,
          lemuel_crystal_altar, ebering_ecumenical_altar_webs, uniq_grinder
D:4:      layout_basic, minivault_27
D:5:      layout_loops_cross, kennysheep_little_box, uniq_ijyb
D:6:      layout_gridville, minmay_temple_entry_poolview, chequers_jeans
D:7:      layout_basic, nicolae_hepliaklqana_hippocampus, doesnt_xom_only_xom,
          gammafunk_ghost_berserking_beasts, minmay_shop_mayhem,
          nicolae_take_the_stairs, minmay_ruffians
D:8:      layout_basic, due_lair_maze_entry_diamond, minmay_misc_feat_diagonals
D:9:      layout_big_octagon, mainiacjoe_overflow_surrounded_room,
          zombieorc2_lemuel
Temple:   nicolae_temple_x_marks_the_god
Lair:1:   layout_concentric_octagons, chequers_serial_rivers_micro_e,
          hangedman_lair_unloving_vines, beast_lair_carwin_7,
          serial_bayou_shore_a
Lair:2:   layout_layer_cave, uniq_fannar, uniq_gastronok
Lair:3:   layout_roguey, spider_nest_entry_webs, grunt_megastairs_1,
          lemuel_fruit_fields, lemuel_fruit_tree

Skill      XL: |  1  2  3  4  5  6  7  8  9 10 11 |
---------------+----------------------------------+-----
Summonings     | 5 6 7 8 9 10 11 | 11.7
Spellcasting   | 4 5 7 8 |  8.7
Hexes          | 1 2 3 4 6 7 8 10 | 10.1
Fighting       | 1 2 3 4 5 |  5.0
Dodging        | 3 4 5 7 8 |  8.0
Bows           | 2 4 6 7 9 |  9.2
Air Magic      | 2 4 5 |  5.7
Stealth        | |  2.4

Action                   |  1- 3 |  4- 6 |  7- 9 | 10-12 || total
-------------------------+-------+-------+-------+-------++-------
Melee: Dagger            |    40 |    35 |       |       ||    75
       Unarmed           |     6 |       |       |       ||     6
       Punch             |     1 |       |       |       ||     1
 Fire: Shortbow          |       |       |    70 |   115 ||   185
 Cast: Summon Small Mamm |    31 |    22 |    11 |     9 ||    73
       Call Imp          |     8 |    19 |    28 |    26 ||    81
       Call Canine Famil |       |    14 |    33 |    31 ||    78
       Summon Guardian G |       |     6 |    42 |    38 ||    86
       Summon Lightning  |       |       |       |     9 ||     9
  Use: Scroll            |     1 |     7 |       |    12 ||    20
Armor: Robe              |    11 |    19 |     7 |    20 ||    57
Dodge: Dodged            |    47 |    41 |    61 |   109 ||   258
